AoeStats
← kamikaze21_

Arena

509852958Analyzed
3v3 RM · 3d ago on Sep 28, 2026· 38m 0s· 6 players
Game mode
Random Map
Map size
Normal (6 player)
Population
200
Speed
Normal
Resources
Standard
Victory
Conquest
Starting age
Dark Age
Ending age
Imperial Age
RankedLock teamsTeams togetherTeam positionsShared explorationLock speedFull tech treeHidden civsTurbo modeCheats
Victory
Defeat
🇪🇸 Persians · Spain
787
+13
🇹🇷 Byzantines · Türkiye
706
+16
🇨🇳 Khmer · China
668
+17
🇹🇷 Turks · Türkiye
728
-16
🇫🇷 Varangians · France
714
-16
🇫🇷 Franks · France
674
-14
milton friedman
1:02 Loom
11:55 Feudal Age
12:20 Horse Collar
17:47 Castle Age
15:49 Double-Bit Axe
19:27 Bow Saw
21:44 Heavy Plow
23:41 Gold Mining
27:51 Wheelbarrow
27:01 Town Watch
29:03 Squires
29:17 Forging
29:07 Scale Mail Armor
31:31 Hand Cart
HALOF
12:43 Feudal Age
15:46 Double-Bit Axe
15:58 Gold Mining
16:04 Stone Mining
19:17 Castle Age
17:37 Forging
26:55 Wheelbarrow
27:20 Scale Barding Armor
29:49 Hand Cart
29:39 Pikeman
36:42 Iron Casting
Hannibal Barca
0:41 Loom
13:32 Feudal Age
14:47 Wheelbarrow
13:55 Horse Collar
14:02 Double-Bit Axe
14:23 Gold Mining
16:01 Stone Mining
25:06 Castle Age
23:34 Town Watch
26:05 Hand Cart
26:28 Stone Shaft Mining
25:55 Heavy Plow
26:22 Bow Saw
26:18 Pikeman
27:01 Squires
30:16 Gambesons
32:09 Forging
石头哥
10:15 Feudal Age
10:53 Double-Bit Axe
18:33 Castle Age
18:26 Horse Collar
18:44 Stone Mining
20:43 Bow Saw
26:12 Stone Shaft Mining
25:49 Heavy Plow
26:31 Forging
26:27 Scale Barding Armor
31:19 Imperial Age
29:27 Wheelbarrow
29:11 Gold Mining
30:49 Hand Cart
31:13 Gold Shaft Mining
35:05 Iron Casting
34:30 Scale Mail Armor
34:32 Padded Archer Armor
34:23 Fletching
34:24 Town Watch
35:41 Town Patrol
36:35 Parthian Tactics
35:34 Heavy Cavalry Archer
35:38 Crossbowman
36:29 Tusk Swords
37:25 Leather Archer Armor
37:31 Chain Barding Armor
37:27 Chain Mail Armor
38:12 Blast Furnace
37:23 Husbandry
37:35 Bloodlines
36:48 Elite Battle Elephant
37:54 Conscription
mansurhossainmahi
0:29 Loom
13:17 Feudal Age
18:02 Castle Age
16:10 Double-Bit Axe
16:17 Horse Collar
22:32 Bow Saw
24:55 Heavy Plow
24:57 Gold Mining
24:57 Stone Mining
25:03 Stone Mining
25:40 Squires
25:26 Arson
27:47 Wheelbarrow
28:56 Stone Shaft Mining
28:41 Treadmill Crane
29:12 Fortified Wall
29:23 Ballistics
31:38 Hand Cart
32:50 Forging
32:42 Scale Mail Armor
35:09 Padded Archer Armor
35:01 Fletching
36:59 Gold Shaft Mining
36:45 Murder Holes
36:52 Bodkin Arrow
36:57 Padded Archer Armor
40:34 Imperial Age
kamikaze21_
4:12 Loom
9:37 Feudal Age
10:46 Wheelbarrow
9:57 Town Watch
15:33 Castle Age
18:38 Horse Collar
21:49 Fervor
21:56 Squires
22:40 Heavy Plow
25:56 Hand Cart
26:38 Gambesons
27:39 Man-at-Arms
29:18 Long Swordsman
29:59 Gold Mining
33:57 Bloodlines
33:47 Husbandry
35:19 Scale Barding Armor
35:24 Forging
35:05 Fletching
35:16 Padded Archer Armor
35:17 Scale Mail Armor
36:32 Chain Barding Armor
39:40 Imperial Age
36:59 Double-Bit Axe
37:12 Light Cavalry
38:37 Gold Shaft Mining
38:05 Stone Mining
Connection lost

Rejoining the realm…

Still unreachable

The connection could not be restored.

Session expired

The server has moved on; the page needs a fresh start.